 Dungeon Crawl Stone Soup version 0.29.1-15-g9cfb28693d (webtiles) character file.

Game seed: 1606146956808998167

16 Sobieck the Magician (level 2, 15/15 HPs)
             Began as a Deep Elf Earth Elementalist on Apr 30, 2023.
             Got out of the dungeon alive.
             The game lasted 00:01:55 (918 turns).

Sobieck the Magician (Deep Elf Earth Elementalist)   Turns: 918, Time: 00:01:56

Health: 15/15      AC:  2    Str:  5    XL:     2   Next: 41%
Magic:  9/9        EV: 12    Int: 19    God:
Gold:   95         SH:  0    Dex: 15    Spells: 6/9 levels left

rFire   . . .      SeeInvis .   x - +2 spear (vorpal) {polearm}
rCold   . . .      Faith    .   (no shield)
rNeg    . . .      Spirit   .   a - +0 robe
rPois   .          Reflect  .   (no helmet)
rElec   .          Harm     .   (no cloak)
rCorr   .          Rampage  .   (no gloves)
Will    .....                   (no boots)
Stlth   ++........              (no amulet)
HPRegen 0.05/turn               (no ring)
MPRegen 0.11/turn               (no ring)

@: no status effects
A: no striking features
a: no special abilities


You escaped.
You visited 1 branch of the dungeon, and saw 2 of its levels.

You collected 95 gold pieces.


   Skills:
 - Level 2.4 Dodging
 - Level 2.4 Stealth
 + Level 4.4 Spellcasting
 - Level 1.1 Transmutations
 - Level 3.2 Earth Magic


You had 6 spell levels left.
You knew the following spells:

 Your Spells              Type           Power      Damage    Failure   Level
a - Sandblast             Erth           32%        2d9       3%          1
b - Passwall              Tmut/Erth      10%        N/A       9%          2

Your spell library contained the following spells:

 Spells                   Type           Power      Damage    Failure   Level
 Foxfire                  Conj/Fire      16%        2x1d4     13%         1
 Stone Arrow              Conj/Erth      20%        3d8       21%         3
 Conjure Flame            Conj/Fire      4%         6-21      36%         3
 Inner Flame              Hex/Fire       4%         N/A       36%         3
 Petrify                  Tmut/Erth      12%        N/A       47%         4
 Flame Wave               Conj/Fire      4%         2d5       78%         4

Inventory:

Hand Weapons
 h - a +0 hand axe {axe}
   (You found it on level 1 of the Dungeon)
 i - a +0 dagger {short}
   (You took it off a kobold on level 1 of the Dungeon)
 j - a +0 war axe {axe}
   (You found it on level 1 of the Dungeon)
 l - a +0 short sword {short}
   (You took it off a kobold on level 1 of the Dungeon)
 m - a +0 trident {polearm}
   (You found it on level 1 of the Dungeon)
 r - a +0 club {mace}
   (You took it off a goblin on level 2 of the Dungeon)
 t - a +0 spear {polearm}
   (You found it on level 2 of the Dungeon)
 x - a +2 vorpal spear (weapon) {polearm}
   (You found it on level 2 of the Dungeon)
Missiles
 c - 7 stones {throwing}
Armour
 a - a +0 robe (worn)
 g - a +0 plate armour
   (You found it on level 1 of the Dungeon)
 o - a +0 leather armour
   (You found it on level 2 of the Dungeon)
 p - a +0 robe
   (You found it on level 2 of the Dungeon)
 u - a +0 robe
   (You found it on level 2 of the Dungeon)
 w - a +0 ring mail
   (You found it on level 2 of the Dungeon)
Scrolls
 e - a scroll of fog {unknown}
 f - a scroll of identify {unknown}
 k - a scroll of torment {unknown}
 n - 2 scrolls of immolation {unknown}
 q - a scroll of poison {unknown}
 s - a scroll of noise {unknown}
 v - 2 scrolls of brand weapon {unknown}
Potions
 b - a potion of magic
 d - a potion of heal wounds {unknown}

Dungeon Overview and Level Annotations

Branches:
Dungeon (2/15) Zot: 11073

Altars:

. #. ##.. ##.#. .... ### #.#.
######.## ################.#.
#.......######.............#....
#.#..........#.@........##....##
##.#.....######................##
#.......## ####.>.#####...#...
#...#...# #...###.....####
#.......# ######..##### ##
#.#..#..# #......## #.
#.......##########.#.##.# #.
####.#####......##.#.##.# #. #.#
#......##......# #####.


There were no monsters in sight!


Message History

The kobold moves out of view.
Danger!
The blast of sand hits the kobold.
You kill the kobold!
l - a +0 short sword {short} You see here a kobold corpse.
You now have 74 gold pieces (gained 15).
m - a +0 trident {polearm}
Okay, then.
There's something in the way.
Okay, then.
A rat comes into view.
The rat moves out of view.
A hobgoblin comes into view.
The hobgoblin shouts!
Danger!
The blast of sand hits the rat!
You kill the rat!
The blast of sand hits the hobgoblin!
You kill the hobgoblin!
Found a stone staircase leading down.
Unknown command.
No target in view!
A sourceless malevolence fills the Dungeon...
You fall into a shaft and drop 1 floor!
The shaft crumbles and collapses.
n - a scroll labelled VISMURR LUCREIHA
o - a +0 leather armour
n - 2 scrolls labelled VISMURR LUCREIHA (gained 1)
A goblin comes into view. It is wielding a +0 club.
Danger!
The blast of sand hits the goblin.
You kill the goblin!
Training target 4.0 for Spellcasting reached!
Your Spellcasting skill increases to level 4!
You need to enable at least one skill for training.
You have reached level 2!
Unknown command.
p - a +0 robe
Found a stone staircase leading down.
q - a scroll labelled BEBLOI HICULU
r - a +0 club {mace} You see here a goblin corpse.
c - 7 stones {throwing} (gained 2)
Found a stone staircase leading up.
s - a scroll labelled SIBIFO JIWIR
Found a stone staircase leading up.
You now have 88 gold pieces (gained 14).
There is a stone staircase leading up here.
Found a stone staircase leading down.
Unknown command.
A dart slug comes into view.
Danger!
The blast of sand hits the dart slug!
You kill the dart slug!
There is a stone staircase leading up here.
t - a +0 spear {polearm} You now have 95 gold pieces (gained 7).
A worm comes into view.
Danger!
You see here a +0 robe.
The blast of sand hits the worm.
The blast of sand hits the worm!
The blast of sand hits the worm.
The worm bites you.
You are too injured to fight recklessly!
Casting: Sandblast (safe; 3% risk of failure)
Confirm with . or Enter, or press ? or * to list all spells.
Aiming: Sandblast (safe; 3% risk of failure)
Press: ? - help, Shift-Dir - straight line, f/p - worm
Aim: a worm (severely wounded, 94% to hit)
The blast of sand hits the worm!
You kill the worm!
Memorise Passwall, consuming 2 spell levels and leaving 6?
You start memorising the spell.
You continue memorising. x2
You finish memorising.
Spell assigned to 'b'.
Unknown command.
Casting: Sandblast (safe; 3% risk of failure)
Confirm with . or Enter, or press ? or * to list all spells.
Okay, then.
Unknown command.
u - a +0 robe A hobgoblin comes into view.
You see here 2 scrolls labelled LOFARIU ONTYO.
Danger!
The blast of sand hits the hobgoblin but does no damage.
The hobgoblin shouts!
The blast of sand hits the hobgoblin.
You kill the hobgoblin!
There is a stone staircase leading down here.
v - 2 scrolls labelled LOFARIU ONTYO
w - a +0 ring mail
x - a +2 vorpal spear {polearm}
x - a +2 vorpal spear (weapon)
{polearm}
There is a stone staircase leading up here.
You climb upwards.
There is a stone staircase leading down here.
Unknown command.
There is a staircase leading out of the dungeon here.
Are you sure you want to leave the Dungeon?
This will make you lose the game!
You have escaped!

Skill      XL: |  1 |
---------------+----+-----
Spellcasting   | 4 |  4.4
Dodging        | |  2.4
Stealth        | |  2.4
Transmutations | |  1.1
Earth Magic    | |  3.2

Action                   || total
-------------------------++-------
 Cast: Sandblast         ||    17

Levels and vault maps discovered:
D:1:      amcnicky_arrival_blooded_trapdoor, layout_loops_cross, st_stairs_6
D:2:      layout_basic, minmay_door_square, uniq_crazy_yiuf_cottage,
          uniq_natasha

Notes
Turn   | Place    | Note
-------+----------+-------------------------------------------
     0 | D:1      | Sobieck the Deep Elf Earth Elementalist began the quest for
                  | the Orb.
     0 | D:1      | Reached XP level 1. HP: 10/10 MP: 6/6
     6 | D:1      | You pick up a book of Flames and begin reading...
     6 | D:1      | You add the spells Foxfire, Conjure Flame, Inner Flame and
                  | Flame Wave to your library.
   448 | D:1      | You fall into a shaft and drop 1 floor!
   492 | D:2      | Reached skill level 4 in Spellcasting
   492 | D:2      | Reached XP level 2. HP: 15/15 MP: 7/9
   644 | D:2      | Learned a level 2 spell: Passwall
   918 | D:$      | Got out of the dungeon alive.

Vanquished Creatures
  A worm (D:2)
  A dart slug (D:2)
  A goblin (D:2)
  3 hobgoblins
  2 kobolds (D:1)
  A ball python (D:1)
  A frilled lizard (D:1)
  A rat (D:1)
11 creatures vanquished.

Table legend:
 A = Non-vault XP
 B = Vault XP
 C = Vault XP percentage of total XP
 D = Non-vault monster count
 E = Vault monster count
 F = Vault count percentage of total count
                 A         B        C        D         E       F
            +---------+---------+-------+---------+---------+-------
      Total |      22 |       2 |   8.3 |      10 |       1 |   9.1
            +---------+---------+-------+---------+---------+-------
        D:1 |       9 |       2 |  18.2 |       6 |       1 |  14.3
        D:2 |      13 |       0 |   0.0 |       4 |       0 |   0.0
            +---------+---------+-------+---------+---------+-------

Illustrated notes

Table legend:
 A = Kills in this place as a percentage of kills in entire the game.
 B = Kills by you in this place as a percentage of kills by you in the entire game.
 C = Kills by friends in this place as a percentage of kills by friends in the entire game.
 D = Other kills in this place as a percentage of other kills in the entire game.
 E = Experience gained in this place as a percentage of experience gained in the entire game.
 F = Experience gained in this place divided by the number of levels of this place that you have seen.
                   A       B       C       D       E      F
               +-------+-------+-------+-------+-------+----------------------
         Total | 100.0 | 100.0 |   N/A |   N/A | 100.0 |  12.0
       Dungeon | 100.0 | 100.0 |   N/A |   N/A | 100.0 |  12.0
               +-------+-------+-------+-------+-------+----------------------

Table legend: (Time is in decaauts)
 A = Elapsed time spent in this place.
 B = Non-inter-level travel time spent in this place.
 C = Inter-level travel time spent in this place.
 D = Time resting spent in this place.
 E = Time spent auto-exploring this place.
 F = Levels seen in this place.
 G = Mean time per level.
                   A        B        C        D        E       F      G
               +--------+--------+--------+--------+--------+-----+--------+
         Total |    926 |    869 |     57 |      0 |    785 |   2 |  463.0 |
       Dungeon |    926 |    869 |     57 |      0 |    785 |   2 |  463.0 |
               +--------+--------+--------+--------+--------+-----+--------+

Top non-repeatable levels by time:
     D:1: 484 daAuts
     D:2: 442 daAuts
